 Dungeon Crawl Stone Soup version 0.29.1-13-g9f3cf754e1 (webtiles) character file.

Game seed: 9444332668829330000

74 Sanktem7 the Trooper (level 4, -1/41 HPs)
             Began as a Minotaur Fighter on Jan 25, 2023.
             Succumbed to an orc's poison
             ... on level 2 of the Dungeon.
             The game lasted 00:02:55 (2152 turns).

Sanktem7 the Trooper (Minotaur Fighter)             Turns: 2152, Time: 00:02:55

Health: -1/41      AC:  7    Str: 21 (22) XL:     4   Next: 9%
Magic:  3/3        EV:  9    Int:  4 (5)  God:
Gold:   56         SH:  4    Dex:  8 (10) Spells: 3/3 levels left

rFire   . . .      SeeInvis .   a - +0 war axe {axe}
rCold   . . .      Faith    .   c - +0 buckler
rNeg    . . .      Spirit   .   b - +0 scale mail
rPois   +          Reflect  .   (helmet restricted)
rElec   .          Harm     .   (no cloak)
rCorr   .          Rampage  .   (no gloves)
Will    .....                   (no boots)
Stlth   ..........              (no amulet)
HPRegen 0.13/turn               e - ring of poison resistance
MPRegen 0.08/turn               (no ring)

@: lethally poisoned (-1 -> -8), flying
A: horns 2, retaliatory headbutt
a: no special abilities


You were on level 2 of the Dungeon.
You visited 1 branch of the dungeon, and saw 2 of its levels.

You collected 56 gold pieces.


Innate Abilities, Weirdness & Mutations

You have a pair of horns on your head.
You reflexively headbutt those who attack you in melee.


   Skills:
 * Level 4.7 Fighting
 * Level 3.9 Axes
 + Level 4.2 Armour
 - Level 3.6 Shields


You had 3 spell levels left.
You didn't know any spells.
Your spell library contained the following spells:

 Spells                   Type           Power      Damage    Failure   Level
 Ozocubu's Armour         Ice            0%         N/A       99%         3
 Ozocubu's Refrigeration  Ice            0%         4d7       100%        7

Inventory:

Hand Weapons
 a - a +0 war axe (weapon) {axe}
 o - a +4 dagger {short}
   (You took it off a kobold on level 2 of the Dungeon)
Missiles
 g - 26 stones (quivered) {throwing}
 n - 16 poisoned darts {throwing}
Armour
 b - a +0 scale mail (worn)
 c - a +0 buckler (worn)
Magical Staves
 p - a staff of poison {!astaff}
   (You found it on level 2 of the Dungeon)
Jewellery
 e - a ring of poison resistance (left hand)
   (You found it on level 1 of the Dungeon)
Scrolls
 f - 2 scrolls of identify {unknown}
 i - 2 scrolls of magic mapping {!r}
 k - a scroll of vulnerability {unknown}
Potions
 d - 2 potions of might
 h - 2 potions of flight
 l - a potion of mutation {unknown}
 m - a potion of curing {unknown}
 q - a potion of haste {unknown}
 r - a potion of cancellation {unknown}
 s - a potion of invisibility {unknown}

Dungeon Overview and Level Annotations

Branches:
Dungeon (2/15) Zot: 9812

Altars:
Nemelex Xobeh

*##### ########### *....#
....[.....# *....#
..........#######....#
.....................#
..........##...)@o...#
).........##.####)...#
..........##.# *....#
#######......# *....#
#######...##############
......>................#
#...####.########......###
..#.# #.## #...#....#
###.####..#######.#.#....#


You could see an orc priest.


Message History

You kill the ball python!
No target in view!
No target in view!
No target in view!
No target in view!
No target in view!
You see here a ball python corpse.
You see here a ball python corpse.
Key pressed, stopping explore.
There is a stone staircase leading up here.
There is a stone staircase leading up here.
Key pressed, stopping explore.
An orc comes into view. It is wielding a +0 flail.
The orc shouts!
An orc is nearby!
An orc priest comes into view. It is wielding a +0 whip.
The orc priest shouts!
An orc comes into view. It is wielding a +2 hand axe of venom.
The orc shouts!
You slash the orc!
You kill the orc!
The orc priest calls down the wrath of Beogh upon you.
Beogh smites you! 😮 HP[-13]
You take 13 damage, and now have 28/41 hp.
MASSIVE DAMAGE!! (PAUSE)
You are too injured to fight recklessly!
You are too injured to fight recklessly!
You are too injured to fight recklessly!
You are too injured to fight recklessly!
You are too injured to fight recklessly!
You are too injured to fight recklessly!
You are too injured to fight recklessly!
You are too injured to fight recklessly!
You are too injured to fight recklessly!
You are too injured to fight recklessly!
You are too injured to fight recklessly!
You are too injured to fight recklessly!
An orc priest is nearby!
You see here a +0 flail {mace}.
You block the orc's attack.
You barely miss the orc priest. You hit the orc.
The orc hits you with a +2 hand axe of venom.
The orc priest barely misses you. 😮 HP[-2]
You take 2 damage, and now have 26/41 hp.
You barely miss the orc priest. You hit the orc.
The orc hits you with a +2 hand axe of venom.
You are poisoned.
The orc priest hits you with a +0 whip.
* * * LOW HITPOINT WARNING * * *
You block the orc's attack.
The orc priest looks satisfied for a moment. 😨 HP[-10]
You take 10 damage, and now have 16/41 hp.
MASSIVE DAMAGE!! (PAUSE)
You barely miss the orc. You barely miss the orc priest.
You feel sick. The orc hits you but does no damage.
The orc priest hits you but does no damage. 😨 HP[-2]
You take 2 damage, and now have 14/41 hp.
You barely miss the orc. Your headbutt misses the orc.
You barely miss the orc priest.
You feel sick. The orc hits you but does no damage.
You are lethally poisoned!
The orc priest casts a cantrip, but nothing happens. 😨 HP[-2]
You take 2 damage, and now have 12/41 hp.
You hit the orc. Your headbutt misses the orc.
You hit the orc priest but do no damage.
* * * LOW HITPOINT WARNING * * *
You feel very sick. The orc barely misses you. You furiously retaliate!
You headbutt the orc.
You kill the orc!
The orc priest hits you with a +0 whip.
* * * LOW HITPOINT WARNING * * *
You block the orc priest's attack. 😱 HP[-8]
You take 8 damage, and now have 4/41 hp.
As you read the scroll labelled VAEBEHUOSU, it crumbles to dust.
You feel aware of your surroundings.
It was a scroll of magic mapping.
* * * LOW HITPOINT WARNING * * *
You feel sick.
The orc priest hits you but does no damage. 😱 HP[-2]
You take 2 damage, and now have 2/41 hp.
Okay, then.
It was a potion of flight.
You feel very buoyant.
You fly up into the air.
* * * LOW HITPOINT WARNING * * *
You feel sick. The orc priest barely misses you. You furiously retaliate!
You headbutt the orc priest. 😱 HP[-1]
You take 1 damage, and now have 1/41 hp.
Okay, then.
It was a potion of degeneration.
There was something very wrong with that liquid.
You feel weakened.
You feel dopey.
You feel clumsy.
You die...

Skill      XL: |  1  2 |
---------------+-------+-----
Fighting       | 4 |  4.7
Axes           | 3 |  3.9
Armour         | 4 |  4.2
Shields        | |  3.6

Action                   |  1- 3 |  4- 6 || total
-------------------------+-------+-------++-------
Melee: War axe           |    86 |     7 ||    93
       Headbutt          |     9 |       ||     9
  Use: Potion            |       |     2 ||     2
       Scroll            |       |     1 ||     1
Armor: Scale mail        |    45 |     4 ||    49
Dodge: Dodged            |    31 |     3 ||    34
Block: Buckler           |    18 |     3 ||    21

Levels and vault maps discovered:
D:1:      roderic_chinese_lattice_arrival, layout_basic,
          chequers_ecumenical_altar_simple_redux
D:2:      layout_rooms, basic_altar, corexii_hall_statues_deadend,
          minmay_lizard_pond

Notes
Turn   | Place    | Note
-------+----------+-------------------------------------------
     0 | D:1      | Sanktem7 the Minotaur Fighter began the quest for the Orb.
     0 | D:1      | Reached XP level 1. HP: 19/19 MP: 0/0
     0 | D:1      | magus.rc [v1.9.6]
   492 | D:1      | Reached XP level 2. HP: 24/27 MP: 1/1
   566 | D:1      | Reached skill level 4 in Fighting
   649 | D:1      | Reached skill level 3 in Axes
   721 | D:1      | Found a faded altar of an unknown god.
  1458 | D:2      | You add the spells Ozocubu's Armour and Ozocubu's
                  | Refrigeration to your library.
  1476 | D:2      | Reached skill level 4 in Armour
  1476 | D:2      | Reached XP level 3. HP: 33/34 MP: 2/2
  1741 | D:2      | Found a sparkling altar of Nemelex Xobeh.
  1907 | D:2      | Reached XP level 4. HP: 30/41 MP: 3/3
  2149 | D:2      | HP: 8/41 [poisoned by an orc]
  2150 | D:2      | HP: 2/41 [poisoned by an orc]
  2152 | D:2      | Succumbed to an orc's poison

Vanquished Creatures
  3 adders (D:2)
  A worm (D:2)
  2 orcs (D:2)
  6 ball pythons
  3 bats (D:1)
  5 endoplasms
  2 giant cockroaches (D:1)
  4 goblins
  A hobgoblin (D:1)
  A quokka (D:1)
  8 frilled lizards
  2 kobolds
  7 rats
45 creatures vanquished.

Table legend:
 A = Non-vault XP
 B = Vault XP
 C = Vault XP percentage of total XP
 D = Non-vault monster count
 E = Vault monster count
 F = Vault count percentage of total count
                 A         B        C        D         E       F
            +---------+---------+-------+---------+---------+-------
      Total |     101 |       5 |   4.7 |      40 |       5 |  11.1
            +---------+---------+-------+---------+---------+-------
        D:1 |      35 |       0 |   0.0 |      22 |       0 |   0.0
        D:2 |      66 |       5 |   7.0 |      18 |       5 |  21.7
            +---------+---------+-------+---------+---------+-------

Illustrated notes

Table legend:
 A = Kills in this place as a percentage of kills in entire the game.
 B = Kills by you in this place as a percentage of kills by you in the entire game.
 C = Kills by friends in this place as a percentage of kills by friends in the entire game.
 D = Other kills in this place as a percentage of other kills in the entire game.
 E = Experience gained in this place as a percentage of experience gained in the entire game.
 F = Experience gained in this place divided by the number of levels of this place that you have seen.
                   A       B       C       D       E      F
               +-------+-------+-------+-------+-------+----------------------
         Total | 100.0 | 100.0 |   N/A |   N/A | 100.0 |  53.0
       Dungeon | 100.0 | 100.0 |   N/A |   N/A | 100.0 |  53.0
               +-------+-------+-------+-------+-------+----------------------

Table legend: (Time is in decaauts)
 A = Elapsed time spent in this place.
 B = Non-inter-level travel time spent in this place.
 C = Inter-level travel time spent in this place.
 D = Time resting spent in this place.
 E = Time spent auto-exploring this place.
 F = Levels seen in this place.
 G = Mean time per level.
                   A        B        C        D        E       F      G
               +--------+--------+--------+--------+--------+-----+--------+
         Total |   2187 |   2155 |     32 |      0 |   1879 |   2 | 1093.5 |
       Dungeon |   2187 |   2155 |     32 |      0 |   1879 |   2 | 1093.5 |
               +--------+--------+--------+--------+--------+-----+--------+

Top non-repeatable levels by time:
     D:1: 1454 daAuts
     D:2: 733 daAuts
